 Dungeon Crawl Stone Soup version 0.20.1-1-g8b1a95d (webtiles) character file.

44568 Lysie the Warrior (level 13, -6/127 (128) HPs)
             Began as a Minotaur Fighter on Oct 7, 2017.
             Was a High Priest of Ru.
             Killed from afar by Voland's ghost (8 damage)
             ... with a magic dart
             ... on level 6 of the Lair of Beasts.
             The game lasted 01:22:00 (18600 turns).

Lysie the Warrior (Minotaur Fighter)               Turns: 18600, Time: 01:22:01

HP:   -6/127 (128)  AC: 11    Str: 25    XL:     13   Next: 96%
MP:   8/10          EV: 21    Int:  5    God:    Ru [*****.]
Gold: 1352          SH:  0    Dex: 11    Spells: 12/12 levels left

rFire    + . .     SeeInvis .   d - +9 battleaxe
rCold    x . .     Gourm    .   (shield currently unavailable)
rNeg     . . .     Faith    .   J - +2 ring mail {MR+}
rPois    .         Spirit   .   (helmet restricted)
rElec    .         Reflect  .   G - +1 cloak
rCorr    .         Harm     .   (no gloves)
MR       +....                  (no boots)
Stlth    +.........             C - amulet of magic regeneration
Regen    0.4/turn               m - +5 ring of evasion
MPRegen  0.2/turn               P - ring of fire

@: exhausted, drained
A: retaliatory headbutt, horns 2, low mp 1, inability to use devices, hated by
all, no earth magic, no summoning magic, no transmutations magic, unskilled 1
a: Draw Out Power, Power Leap, Apocalypse, Renounce Religion


You were on level 6 of the Lair of Beasts.
You worshipped Ru.
Ru was extremely pleased with you.
You were not hungry.

You visited 3 branches of the dungeon, and saw 18 of its levels.
You also visited: Ice Cave.

You collected 1616 gold pieces.
You spent 264 gold pieces at shops.

Inventory:

Hand Weapons
 d - a +9 battleaxe (weapon)
Missiles
 w - 3 throwing nets (quivered)
Armour
 o - a +1 shield of poison resistance
 p - +0 ice dragon scales
 F - a +1 ring mail of poison resistance
 G - a +1 cloak (worn)
 I - the +3 leather armour "Siuck" {rF+}
   (You found it on level 1 of the Lair of Beasts)

   It protects you from fire.
 J - a +2 ring mail of magic resistance (worn)
Jewellery
 e - the ring "Aroic" {Str+4 Int-3}
   (You bought it in a shop on level 4 of the Dungeon)

   [ring of intelligence]

   It affects your strength (+4).
   It affects your intelligence (-3).
 m - a +5 ring of evasion (left hand)
 C - an amulet of magic regeneration (around neck)
 M - an uncursed ring of positive energy {unknown}
 O - an uncursed ring of see invisible
 P - a ring of fire (right hand)
Scrolls
 a - a scroll of remove curse
 c - a scroll of magic mapping {unknown}
 k - a scroll of enchant weapon
 l - 4 scrolls of enchant armour
 q - a scroll of acquirement {unknown}
 t - a scroll of silence {unknown}
 v - 2 scrolls of immolation {unknown}
 x - a scroll of fog
 y - a scroll of fear {unknown}
 z - a scroll of vulnerability {unknown}
 B - a scroll of holy word {unknown}
 E - a scroll of random uselessness {unknown}
 N - a scroll of identify
Potions
 b - a potion of brilliance {unknown}
 f - 2 potions of heal wounds {unknown}
 g - a potion of magic {unknown}
 h - 3 potions of flight
 i - 2 potions of resistance
 j - 3 potions of lignification
 n - 2 potions of mutation {unknown}
 r - a potion of agility {unknown}
 s - 3 potions of curing
 A - a potion of berserk rage {unknown}
Books
 Q - a book of Enchantments

   Spells                             Type                      Level
   a - Cause Fear                     Hexes                        4
   b - Yara's Violent Unravelling     Hexes/Transmutation          5
   c - Silence                        Hexes/Air                    5
   d - Deflect Missiles               Charms/Air                   6
   e - Discord                        Hexes                        8
Comestibles
 u - 5 bread rations
 D - a meat ration
 H - 2 royal jellies
 K - 19 fruits


   Skills:
 - Level 16.0(14.8) Fighting
 + Level 9.7(8.7) Axes
 * Level 10.2(9.2) Armour
 + Level 12.2(11.1) Dodging
 - Level 10.1(9.1) Shields


You had 12 spell levels left.
You didn't know any spells.

Dungeon Overview and Level Annotations

Branches:
Dungeon (11/15)            Temple (0/1) D:4            Lair (6/6) D:10
  Swamp (0/4) Lair:2       Spider (0/4) Lair:3          Orc (1/2) D:9
  Slime: Lair:5-6

Altars:
Ashenzari
Ru
Sif Muna
Xom
The Shining One

Shops:
D:4 **:}?   D:5 *

Annotations:
Lair:6 Voland's ghost, journeyman DEWz


Innate Abilities, Weirdness & Mutations

You reflexively headbutt those who attack you in melee.
You have a pair of horns on your head.
Your magical capacity is low. (-10% MP)
You cannot study or use magical devices.
You are hated by all.
You cannot study or cast Earth magic.
You cannot study or cast Summoning magic.
You cannot study or cast Transmutations magic.
You are somewhat unskilled. (-1 Apt)


Message History

The magic dart hits you!
The spiny frog stings you but does no damage.
The elephant trumpets!
You redirect Voland's ghost's attack!
Voland's ghost gestures wildly while chanting.
Voland's ghost blinks!
The spiny frog completely misses you. The spiny frog stings you.
* * * LOW HITPOINT WARNING * * *
The spiny frog barely misses you. Voland's ghost stares at you.
The spiny frog misses you.
Voland's ghost points at you and mumbles some strange words.
The magic dart hits you!
* * * LOW HITPOINT WARNING * * *
The spiny frog completely misses you.
Unknown command.
Voland's ghost casts a spell at you. The magic dart hits you!
You die...

### #.# ##F#### .. ##.F...##
..#####@......##
.#.P#.#.W......### ..
...P.#.....Y.....# #..
......P..............## #..
§≈§......................# #..
≈.......................## #..
≈............P....†....## ###..
........$..###P........P###.#.#
............##....P..P.###..<..


You could see an elephant, 2 spiny frogs and Voland's ghost.

Vanquished Creatures
  5 hydras
  2 ice dragons (IceCv)
  Harold (Lair:1)
  5 two-headed ogres
  The ghost of JaMaZz the Cleaver, a novice MiBe of Trog (D:8)
  Pikel (D:8)
  An ugly thing (D:8)
  A manticore (D:11)
  A cyclops (D:11)
  Maurice (D:8)
  A centaur zombie (D:11)
  10 black mambas
  2 ice statues (IceCv)
  9 elephants (Lair:4)
  8 spiny frogs
  A kobold demonologist (D:11)
  5 rime drakes
  4 komodo dragons
  A jumping spider (Lair:3)
  4 trolls
  2 hornets
  Prince Ribbit (D:6)
  5 blink frogs (Lair:3)
  4 hippogriffs
  A wraith (D:11)
  4 wyverns
  A spriggan (D:8)
  27 yaks
  A redback (Lair:3)
  3 hungry ghosts
  A basilisk (Lair:4)
  6 swamp worms (Lair:4)
  2 wargs (D:10)
  A soldier ant (D:11)
  7 porcupines
  12 water moccasins
  10 orc warriors
  2 sky beasts
  4 slaves (D:8)
  A hornet zombie (D:6)
  4 black bears
  15 ice beasts
  8 ogres
  2 necrophages
  A phantom (D:4)
  9 wolves
  3 centaurs
  9 crocodiles
  5 big kobolds
  13 bullfrogs
  2 gnoll sergeants (D:9)
  2 scorpions
  The ghost of bionis the Shield-Bearer, a weakling DDFi (D:5)
  7 killer bees
  15 wights
  An electric eel (Lair:3)
  A howler monkey (D:9)
  5 crimson imps
  3 jellies
  3 hounds
  5 orc priests
  15 orc wizards
  2 bullfrog skeletons
  10 hell rats
  5 iguanas
  9 worker ants
  Ijyb (D:3)
  2 hound skeletons
  A worker ant zombie (D:5)
  A howler monkey skeleton (D:4)
  16 adders
  11 gnolls (D:9)
  4 shadow imps
  2 oozes
  An adder zombie (D:6)
  2 adder skeletons
  18 worms
  2 dart slugs (D:3)
  7 leopard geckos
  51 orcs
  3 giant cockroaches
  12 goblins
  8 hobgoblins
  14 jackals
  19 kobolds
  2 quokkas
  6 bats
  8 frilled lizards
  A leopard gecko skeleton (D:4)
  A quokka zombie (D:8)
  3 rats (D:2)
  A bush (Lair:6)
  A fungus (Lair:3)
  6 plants
518 creatures vanquished.

Vanquished Creatures (others)
  A troll (D:10)
  5 dream sheep (Lair:5)
  A polar bear (Lair:6)
  A hippogriff (Lair:5)
  A sky beast (D:10)
  A wolf (Lair:5)
  A crocodile (Lair:6)
  A worm (Lair:4)
  2 orcs (D:8)
  4 fungi
  4 plants
22 creatures vanquished.

Grand Total: 540 creatures vanquished

Notes
Turn   | Place    | Note
-------+----------+-------------------------------------------
     0 | D:1      | Lysie the Minotaur Fighter began the quest for the Orb.
     0 | D:1      | Reached XP level 1. HP: 19/19 MP: 0/0
    83 | D:1      | Reached XP level 2. HP: 26/26 MP: 1/1
   639 | D:2      | Reached XP level 3. HP: 31/31 MP: 2/2
   996 | D:2      | Found a sacrificial altar of Ru.
  1010 | D:2      | Became a worshipper of Ru the Awakened
  1026 | D:2      | Reached skill level 5 in Axes
  1031 | D:2      | Reached XP level 4. HP: 30/39 MP: 3/3
  1440 | D:3      | Noticed Ijyb
  1446 | D:3      | Killed Ijyb
  2032 | D:4      | Noticed a phantom
  2042 | D:4      | Killed a phantom
  2042 | D:4      | Reached XP level 5. HP: 38/45 MP: 4/4
  2047 | D:4      | Found Maisoz's General Store.
  2048 | D:4      | Found Geniol's Assorted Antiques.
  2065 | D:4      | Bought a vibrating lead ring for 120 gold pieces
  2079 | D:4      | Noticed a black bear
  2085 | D:4      | Killed a black bear
  2085 | D:4      | Reached XP level 6. HP: 51/51 MP: 5/5
  2261 | D:4      | Found Neomirch's Gadget Emporium.
  2422 | D:4      | Found a glowing drain.
  2477 | D:4      | Found Jeujakop's Book Boutique.
  2556 | D:4      | Found Yvarrue's Magic Scroll Boutique.
  2577 | D:4      | Bought a scroll of identify for 24 gold pieces
  2577 | D:4      | Identified the cursed ring "Aroic" {Str+4 Int-3} (You bought it in a shop on level 4 of the Dungeon)
  2601 | D:4      | Found a staircase to the Ecumenical Temple.
  2690 | D:5      | Entered Level 5 of the Dungeon
  2824 | D:5      | Found Biydeic's General Store.
  2933 | D:5      | Noticed bionis's ghost (weakling DDFi)
  2943 | D:5      | Killed bionis's ghost
  2943 | D:5      | Reached XP level 7. HP: 57/57 MP: 6/6
  3181 | D:5      | Gained mutation: You cannot study or use magical devices. [Ru sacrifice]
  3181 | D:5      | Reached * piety under Ru
  3181 | D:5      | Reached ** piety under Ru
  3873 | D:6      | Noticed Prince Ribbit
  4050 | D:6      | Reached skill level 4 in Fighting
  4068 | D:6      | Killed Prince Ribbit
  4068 | D:6      | Reached skill level 5 in Armour
  4150 | D:6      | Reached skill level 5 in Fighting
  4177 | D:6      | Reached XP level 8. HP: 54/68 MP: 7/7
  4235 | D:6      | Reached skill level 5 in Shields
  4283 | D:6      | Reached skill level 6 in Fighting
  4914 | D:7      | Reached XP level 9. HP: 77/77 MP: 8/8
  4932 | D:7      | Noticed a troll
  4942 | D:7      | Killed a troll
  4942 | D:7      | Reached skill level 7 in Fighting
  5542 | D:7      | Gained mutation: You are hated by all. [Ru sacrifice]
  5542 | D:7      | Reached *** piety under Ru
  5715 | D:8      | Noticed JaMaZz's ghost (novice MiBe)
  5771 | D:8      | Found a shattered altar of Ashenzari.
  5978 | D:8      | Noticed Pikel
  6119 | D:8      | Killed Pikel
  6119 | D:8      | Reached skill level 8 in Fighting
  6291 | D:8      | Noticed a two-headed ogre
  6300 | D:8      | Killed a two-headed ogre
  6300 | D:8      | Reached skill level 10 in Armour
  6300 | D:8      | Reached XP level 10. HP: 61/89 MP: 9/9
  6385 | D:8      | Killed JaMaZz's ghost
  6385 | D:8      | Reached skill level 9 in Fighting
  6552 | D:8      | Noticed a brown ugly thing
  6574 | D:8      | Killed a brown ugly thing
  6574 | D:8      | Reached skill level 10 in Shields
  6845 | D:8      | Noticed Maurice
  7335 | D:8      | Reached skill level 10 in Fighting
  8350 | D:8      | Killed Maurice
  8594 | D:4      | Bought a scroll of identify for 48 gold pieces
  8594 | D:4      | Bought a scroll of remove curse for 72 gold pieces
  8871 | D:9      | Reached skill level 1 in Dodging
  8999 | D:9      | Noticed a two-headed ogre
  9027 | D:9      | Killed a two-headed ogre
  9027 | D:9      | Reached skill level 11 in Fighting
  9027 | D:9      | Reached XP level 11. HP: 25/101 MP: 10/10
  9328 | D:9      | Gained mutation: Your magical capacity is low. (-10% MP) [Ru sacrifice]
  9351 | D:9      | Found a glowing golden altar of the Shining One.
  9531 | D:9      | Found a staircase to the Orcish Mines.
  9917 | Orc:1    | Entered Level 1 of the Orcish Mines
  9996 | Orc:1    | Noticed an orc knight
 10161 | D:10     | Entered Level 10 of the Dungeon
 10209 | D:10     | Reached skill level 12 in Fighting
 10209 | D:10     | Reached skill level 5 in Dodging
 10273 | D:10     | Found a staircase to the Lair.
 10949 | D:10     | Gained mutation: You are somewhat unskilled. (-1 Apt) [Ru sacrifice]
 10949 | D:10     | Reduced skill Fighting to level 11
 10949 | D:10     | Reduced skill Dodging to level 5
 10949 | D:10     | Reached **** piety under Ru
 10949 | D:10     | Reached ***** piety under Ru
 11060 | D:11     | Noticed a two-headed ogre
 11062 | D:11     | Noticed a two-headed ogre
 11075 | D:11     | Killed a two-headed ogre
 11078 | D:11     | Killed a two-headed ogre
 11078 | D:11     | Reached skill level 12 in Fighting
 11367 | D:11     | Noticed a two-headed ogre
 11372 | D:11     | Killed a two-headed ogre
 11647 | D:11     | Noticed a purple ugly thing
 11647 | D:11     | Reached XP level 12. HP: 106/112 MP: 3/9
 11932 | Lair:1   | Entered Level 1 of the Lair of Beasts
 11942 | Lair:1   | Noticed Harold
 12190 | Lair:1   | Killed Harold
 12297 | Lair:1   | Reached skill level 13 in Fighting
 12520 | Lair:1   | Got a steaming leather armour
 12531 | Lair:1   | Identified the +3 leather armour "Siuck" {rF+} (You found it on level 1 of the Lair of Beasts)
 12719 | Lair:1   | Noticed a four-headed hydra
 13181 | Lair:1   | Gained mutation: You cannot study or cast Earth magic. [Ru sacrifice]
 13181 | Lair:1   | Gained mutation: You cannot study or cast Transmutations magic. [Ru sacrifice]
 13181 | Lair:1   | Gained mutation: You cannot study or cast Summoning magic. [Ru sacrifice]
 13521 | Lair:2   | Found a staircase to the Swamp.
 13872 | Lair:3   | Reached skill level 14 in Fighting
 14080 | Lair:3   | Reached skill level 10 in Dodging
 14370 | Lair:3   | Noticed an eight-headed hydra
 14379 | Lair:3   | Killed an 11-headed hydra
 14564 | Lair:3   | Noticed a seven-headed hydra
 14573 | Lair:3   | Killed a 12-headed hydra
 14573 | Lair:3   | Reached XP level 13. HP: 103/124 MP: 2/10
 14800 | Lair:3   | Found a hole to the Spider Nest.
 15206 | Lair:4   | Found a frozen archway.
 15220 | IceCv    | Entered an ice cave
 15869 | IceCv    | Reached skill level 15 in Fighting
 16510 | Lair:4   | Found a deep blue altar of Sif Muna.
 18051 | Lair:5   | Reached skill level 16 in Fighting
 18076 | Lair:5   | Reached skill level 10 in Armour
 18171 | Lair:5   | Found a shimmering altar of Xom.
 18341 | Lair:6   | Entered Level 6 of the Lair of Beasts
 18572 | Lair:6   | Noticed Voland's ghost (journeyman DEWz)
 18582 | Lair:6   | HP: 5/127 [Voland's ghost/lance of force (37)]
 18594 | Lair:6   | HP: 2/127 [spiny frog (6)]
 18599 | Lair:6   | HP: 2/127 [Voland's ghost/magic dart (1)]
 18600 | Lair:6   | Killed from afar by Voland's ghost

Skill      XL: |  1  2  3  4  5  6  7  8  9 10 11 12 13 |
---------------+----------------------------------------+-----
Axes           | 3 4 5 7 9 8 9 |  9.7
Armour         | 5 8 10 9 10 | 10.2
Fighting       | 5 6 8 11 12 14 16 | 16.0
Shields        | 4 6 9 10 | 10.1
Dodging        | 2 7 10 12 | 12.2

Action                   |  1- 3 |  4- 6 |  7- 9 | 10-12 | 13-15 || total
-------------------------+-------+-------+-------+-------+-------++-------
Melee: War axe           |    81 |   113 |   245 |   156 |       ||   595
       Headbutt          |    11 |    28 |    54 |    99 |    51 ||   243
       Unarmed           |       |       |     9 |       |       ||     9
       Battleaxe         |       |       |       |   385 |   234 ||   619
Throw: Throwing net      |       |       |       |       |     3 ||     3
Invok: Sacrifice Artific |       |       |     1 |       |       ||     1
       Draw Out Power    |       |       |     3 |     6 |     3 ||    12
       Sacrifice Love    |       |       |     1 |       |       ||     1
       Power Leap        |       |       |       |     7 |    10 ||    17
       Sacrifice Essence |       |       |       |     1 |       ||     1
       Sacrifice Skill   |       |       |       |     1 |       ||     1
       Apocalypse        |       |       |       |     2 |     1 ||     3
       Sacrifice Arcana  |       |       |       |     1 |       ||     1
       Reject Sacrifices |       |       |       |       |     1 ||     1
 Abil: Evoke Berserk Rag |       |     1 |       |       |       ||     1
  Use: Scroll            |       |     6 |     5 |    11 |     5 ||    27
       Potion            |       |     1 |     2 |     1 |     4 ||     8
 Stab: Distracted        |       |       |     3 |       |     2 ||     5
       Invisible         |       |       |     1 |     1 |     1 ||     3
       Paralysed         |       |       |       |     8 |     1 ||     9
       Petrifying        |       |       |       |       |     1 ||     1
  Eat: Bread ration      |       |     1 |     1 |     4 |     2 ||     8
       Royal jelly       |       |     2 |     2 |     2 |       ||     6
       Meat ration       |       |       |     1 |     2 |     1 ||     4
       Chunk             |       |       |       |       |     1 ||     1
Armor: Scale mail        |    33 |    24 |    21 |       |       ||    78
       Skin              |       |       |    14 |       |    13 ||    27
       Ring mail         |       |       |     9 |   107 |    68 ||   184
Dodge: Dodged            |    24 |    36 |    80 |   446 |   274 ||   860
Block: Shield            |    49 |    51 |   104 |    74 |       ||   278
